 Dungeon Crawl Stone Soup version 0.27.0-1-g7a089689b8 (webtiles) character file.

Game seed: 2288041466589225408

6744 shadowrider38 the Cleaver (level 10, -7/88 HPs)
             Began as a Troll Fighter on Aug 3, 2021.
             Was an Elder of Uskayaw.
             Mangled by an ice devil (10 damage)
             ... summoned by a kobold demonologist
             ... on level 9 of the Dungeon.
             The game lasted 00:27:41 (7474 turns).

shadowrider38 the Cleaver (Troll Fighter)           Turns: 7474, Time: 00:27:42

Health: -7/88      AC:  3    Str: 29    XL:     10   Next: 75%
Magic:  1/9        EV:  8    Int:  4    God:    Uskayaw [****..]
Gold:   543        SH:  9    Dex:  9    Spells: 9/9 levels left

rFire    . . .     SeeInvis .   a - +1 war axe (venom)
rCold    . . .     Faith    +   c - +0 kite shield
rNeg     + + .     Spirit   .   i - +2 robe {rN+}
rPois    .         Reflect  .   (helmet restricted)
rElec    .         Harm     .   y - +0 cloak
rCorr    .         Rampage  .   (gloves unavailable)
Will     .....                  (boots unavailable)
Stlth    +.........             r - amulet of faith
HPRegen  1.24/turn              f - ring of positive energy
MPRegen  0.11/turn              v - +4 ring of protection

@: corroded
A: large, unfitting armour, claws 3, regeneration 1, shaggy fur 1, tough skin 1
a: Renounce Religion, Stomp, Line Pass


You were on level 9 of the Dungeon.
You worshipped Uskayaw.
Uskayaw was noncommittal.
You visited 2 branches of the dungeon, and saw 10 of its levels.

You collected 543 gold pieces.

Inventory:

Hand Weapons
 a - a +1 war axe of venom (weapon)
 t - a +3 battleaxe
Missiles
 z - 2 throwing nets (quivered)
Armour
 c - a +0 kite shield (worn)
 i - a +2 robe of positive energy (worn)
 y - a +0 cloak (worn)
Jewellery
 f - a ring of positive energy (left claw)
 q - an amulet of regeneration
 r - an amulet of faith (around neck)
 v - a +4 ring of protection (right claw)
Wands
 A - a wand of iceblast (12)
Scrolls
 b - a scroll of blinking
 k - 2 scrolls of noise {unknown}
 l - 3 scrolls of teleportation {unknown}
 o - 4 scrolls of magic mapping {unknown}
 p - 2 scrolls of immolation
 s - a scroll of silence {unknown}
 u - 2 scrolls of brand weapon {unknown}
 x - a scroll of fear {unknown}
Potions
 d - 3 potions of might
 e - a potion of curing
 g - 2 potions of cancellation
 h - 2 potions of lignification
 m - 4 potions of flight {unknown}
 n - 3 potions of haste {unknown}
 w - a potion of ambrosia


   Skills:
 - Level 2.4 Fighting
 + Level 13.4 Axes
 - Level 2.7 Dodging
 - Level 2.4 Shields


You had 9 spell levels left.
You didn't know any spells.
Your spell library contained the following spells:

 Spells                   Type           Power      Damage    Failure   Level
 Magic Dart               Conj           0%         1d3       93%         1
 Call Imp                 Summ           0%         N/A       98%         2
 Mephitic Cloud           Conj/Pois/Air  0%         N/A       100%        3


Dungeon Overview and Level Annotations

Branches:
Dungeon (9/15)             Temple (1/1) D:4
   Lair: D:8-11         Orc: D:9-12

Altars:
Ashenzari
Cheibriados
Dithmenos
Elyvilon
Fedhas
Gozag
Hepliaklqana
Kikubaaqudgha
Makhleb
Nemelex Xobeh
Okawaru
Qazlal
Ru
Sif Muna
Trog
Uskayaw
Vehumet
Wu Jian
Xom
Zin
The Shining One
Beogh

Shops:
D:5 !   D:6 *

Annotations:
D:3 1 runed translucent door, fiver49's ghost, amateur FoWr
D:4 1 runed translucent door, Crazy Yiuf
D:8 1 runed translucent door, tizzy's ghost, novice DsDe


Innate Abilities, Weirdness & Mutations

You are too large for most types of armour.
You have claws for hands.
Your natural rate of healing is unusually fast.
You are covered in fur. (AC +1)
You have tough skin. (AC +1)


Message History

The ice devil freezes you!!
* * * LOW HITPOINT WARNING * * *
The kobold demonologist looks satisfied for a moment.
The kobold brigand hits you but does no damage.
Uskayaw will force your foes to share their pain.
You feel much better.
The ice devil hits you but does no damage.
The kobold demonologist hits you but does no damage.
You block the kobold brigand's attack.
You closely miss the kobold demonologist.
The kobold demonologist is heavily wounded.
You hit the kobold brigand but do no damage.
The kobold brigand looks as sick as possible!
You hit the ice devil but do no damage. The ice devil barely misses you.
The kobold demonologist mumbles some strange words.
The kobold brigand hits you with a +0 short sword!
Press: ? - help, v - describe, . - travel, g - get item
Here: a crimson imp (summoned)
Items here: a +0 dagger; a kobold corpse.
The floor.
The ice devil hits you! The ice devil freezes you!
* * * LOW HITPOINT WARNING * * *
The crimson imp blinks!
You hit the kobold demonologist.
The kobold demonologist looks as sick as possible!
The kobold demonologist is severely wounded.
You closely miss the ice devil.
The kobold demonologist miscasts a cantrip.
The ice devil hits you.
* * * LOW HITPOINT WARNING * * *
The ice devil freezes you!
* * * LOW HITPOINT WARNING * * *
Okay, then.
You feel better.
The kobold demonologist hits you with a +0 dagger.
* * * LOW HITPOINT WARNING * * *
The ice devil hits you.
* * * LOW HITPOINT WARNING * * *
The ice devil freezes you!
You die...

#......+......#### ..
###......#......# ...
#........#5.....# ....
#........#..)...# ..K..
#........###)####......
#......................
#..)........5).........
#.....[....4KK...5.....
#...........@..........
#..............(....###
#####################


You could see an ice devil (summoned), a kobold demonologist (extremely
poisoned), a kobold brigand (extremely poisoned), an iron imp (summoned) and a
crimson imp (summoned).

Vanquished Creatures
  Harold (D:9)
  Joseph (D:9)
  2 kobold demonologists (D:9)
  Grinder (D:5)
  Sigmund (D:2)
  11 yaks
  Eustachio (D:5)
  Duvessa (D:5)
  4 orc warriors
  2 black bears
  3 necrophages
  2 ogres
  5 centaurs
  A phantom (D:7)
  3 kobold brigands
  Blork the orc (D:4)
  A bullfrog (D:8)
  A scorpion (D:6)
  Dowan (D:5)
  2 water moccasin skeletons
  3 wights (D:7)
  A bullfrog zombie (D:5)
  A centaur zombie (D:5)
  2 jellies (D:5)
  6 hounds
  6 orc priests
  Natasha (thrice) (D:3)
  An orc wizard (D:8)
  An iguana (D:5)
  A hound skeleton (D:5)
  Robin (D:3)
  4 gnolls (D:6)
  2 howler monkey skeletons
  7 adders
  2 shadow imps
  A white imp (D:6)
  2 ufetubi (D:5)
  2 adder skeletons
  2 worms
  2 dart slugs
  35 orcs
  5 bats
  5 endoplasms
  6 giant cockroaches
  14 goblins
  6 hobgoblins
  3 jackals (D:2)
  A quokka (D:4)
  5 ball pythons
  4 frilled lizards
  20 kobolds
  4 rats
203 creatures vanquished.

Vanquished Creatures (others)
  A fungus (D:8)
  12 plants
  2 withered plants (D:3)
15 creatures vanquished.

Grand Total: 218 creatures vanquished

Notes
Turn   | Place    | Note
-------+----------+-------------------------------------------
     0 | D:1      | shadowrider38 the Troll Fighter began the quest for the
                  | Orb.
     0 | D:1      | Reached XP level 1. HP: 22/22 MP: 0/0
   174 | D:1      | Reached XP level 2. HP: 26/29 MP: 1/1
   214 | D:1      | Reached skill level 2 in Axes
   221 | D:1      | Found a faded altar of an unknown god.
   833 | D:2      | Reached XP level 3. HP: 21/36 MP: 2/2
   969 | D:2      | Reached skill level 3 in Axes
  1070 | D:2      | Noticed Sigmund
  1092 | D:2      | Killed Sigmund
  1093 | D:2      | Reached skill level 4 in Axes
  1093 | D:2      | Reached XP level 4. HP: 19/44 MP: 3/3
  1093 | D:2      | Reached XP level 5. HP: 21/50 MP: 4/4
  1681 | D:3      | Noticed Natasha
  1694 | D:3      | Killed Natasha
  1696 | D:3      | Noticed Natasha
  1707 | D:3      | Killed Natasha
  1708 | D:3      | Reached skill level 5 in Axes
  1708 | D:3      | Reached XP level 6. HP: 55/59 MP: 5/5
  1720 | D:3      | Found a runed translucent door.
  1720 | D:3      | Noticed fiver49's ghost (amateur FoWr)
  1883 | D:3      | Noticed Robin
  1901 | D:3      | Killed Robin
  2015 | D:3      | Noticed Natasha
  2037 | D:3      | Killed Natasha
  2320 | D:4      | Noticed Blork the orc
  2327 | D:4      | Killed Blork the orc
  2466 | D:4      | Found a runed translucent door.
  2467 | D:4      | Noticed Crazy Yiuf
  2509 | D:4      | Reached skill level 6 in Axes
  2509 | D:4      | Reached XP level 7. HP: 60/66 MP: 6/6
  2525 | D:4      | Found a staircase to the Ecumenical Temple.
  2537 | Temple   | Entered the Ecumenical Temple
  2970 | Temple   | Became a worshipper of Uskayaw the Reveller
  3026 | D:4      | Reached * piety under Uskayaw
  3050 | D:4      | Reached ** piety under Uskayaw
  3107 | D:4      | Reached *** piety under Uskayaw
  3108 | D:4      | Reached skill level 7 in Axes
  3460 | D:4      | Reached **** piety under Uskayaw
  3643 | D:5      | Entered Level 5 of the Dungeon
  3700 | D:5      | Reached XP level 8. HP: 74/74 MP: 7/7
  3784 | D:5      | Noticed Eustachio
  3790 | D:5      | Killed Eustachio
  3791 | D:5      | Reached skill level 8 in Axes
  3855 | D:5      | Found Uded's Distillery.
  3919 | D:5      | Noticed Grinder
  3938 | D:5      | Killed Grinder
  3939 | D:5      | Reached skill level 9 in Axes
  4003 | D:5      | Noticed Duvessa
  4011 | D:5      | Noticed Dowan
  4017 | D:5      | Killed Duvessa
  4023 | D:5      | Killed Dowan
  4682 | D:6      | Reached XP level 9. HP: 68/80 MP: 8/8
  4700 | D:6      | Reached skill level 10 in Axes
  4789 | D:6      | Found Imoxey's General Store.
  5638 | D:7      | Reached skill level 11 in Axes
  5641 | D:7      | Reached ***** piety under Uskayaw
  6563 | D:8      | Found a runed translucent door.
  6565 | D:8      | Identified the +10 spear of Gloom {drain, Fly Int+4}
  6566 | D:8      | Noticed tizzy's ghost (novice DsDe)
  6612 | D:8      | Reached XP level 10. HP: 85/88 MP: 9/9
  6913 | D:8      | Reached skill level 12 in Axes
  7173 | D:9      | Noticed Joseph
  7195 | D:9      | Killed Joseph
  7199 | D:9      | Reached ****** piety under Uskayaw
  7252 | D:9      | Noticed Harold
  7262 | D:9      | Killed Harold
  7263 | D:9      | Reached skill level 13 in Axes
  7462 | D:9      | Noticed a rust devil
  7464 | D:9      | Noticed a rust devil
  7473 | D:9      | HP: 2/88 [ice devil[a kobold demonologist] (9)]
  7474 | D:9      | Mangled by an ice devil

Illustrated notes

Levels and vault maps discovered:
D:1:      nagdon_arrival_zigzag_paths, layout_basic,
          hellmonk_ecumenical_altar_lost_god, corexii_hall_statues_t,
          chequers_big_river
D:2:      layout_basic, uniq_sigmund
D:3:      layout_basic, gammafunk_ghost_grave, gup_sewer_entry_bubbles,
          uniq_robin, uniq_natasha
D:4:      layout_gridville, minmay_temple_entry_glass, enter_ossuary_1,
          roderic_roman_lattice, grunt_ministairs_13, hangedman_decor_push,
          uniq_crazy_yiuf_cottage, uniq_blork_the_orc
D:5:      layout_gridville, serial_shops, nicolae_take_the_stairs, minivault_11,
          kennysheep_cross_bottleneck, uniq_grinder, uniq_duvessa,
          uniq_eustachio
D:6:      layout_loops_ring, serial_shops, shop
D:7:      layout_basic
D:8:      layout_loops_ring, special_room [special_room_orc],
          ebering_ghost_funeral_grove, serial_bayou_crossing
D:9:      layout_irregular_city, uniq_pikel, uniq_joseph, uniq_harold,
          uniq_gastronok
Temple:   compressed_dpeg_triangle_lava_temple

Skill      XL: |  1  2  3  4  5  6  7  8  9 10 |
---------------+-------------------------------+-----
Axes           | 2 4 5 6 7 9 11 13 | 13.4
Fighting       | |  2.4
Dodging        | |  2.7
Shields        | |  2.4

Action                   |  1- 3 |  4- 6 |  7- 9 | 10-12 || total
-------------------------+-------+-------+-------+-------++-------
Melee: War axe           |   132 |   129 |   271 |    70 ||   602
       Battleaxe         |       |       |    50 |       ||    50
Invok: Stomp             |       |       |     6 |     3 ||     9
       Line Pass         |       |       |       |     2 ||     2
  Use: Scroll            |       |       |     6 |       ||     6
       Potion            |       |       |       |     2 ||     2
 Stab: Sleeping          |     1 |     1 |       |       ||     2
       Paralysed         |       |       |     8 |     8 ||    16
Armor: Robe              |    50 |    71 |    91 |    20 ||   232
Dodge: Dodged            |    63 |    51 |   101 |    24 ||   239
Block: Kite shield       |    78 |    74 |   123 |    29 ||   304
